AoeStats
← Ano

Arena

506924228Analyzed
3v3 RM · 17d ago on Sep 15, 2026· 59m 9s· 6 players
Game mode
Random Map
Map size
Normal (6 player)
Population
200
Speed
Normal
Resources
Standard
Victory
Conquest
Starting age
Dark Age
Ending age
Imperial Age
RankedLock teamsTeams togetherTeam positionsShared explorationLock speedFull tech treeHidden civsTurbo modeCheats
Victory
Defeat
🇪🇸 Bohemians · Spain
793
+11
🇪🇸 Byzantines · Spain
736
+13
🇪🇸 Persians · Spain
584
+28
🇺🇸 Gurjaras · United States
679
-15
🇪🇸 Japanese · Spain
673
-15
🇨🇴 Turks · Colombia
671
-14
heclis
2:27 Loom
10:28 Feudal Age
11:46 Wheelbarrow
10:58 Double-Bit Axe
11:02 Horse Collar
13:18 Gold Mining
14:39 Stone Mining
23:56 Castle Age
22:36 Arson
22:14 Man-at-Arms
22:58 Scale Mail Armor
23:09 Forging
25:11 Hand Cart
24:59 Heavy Plow
25:12 Bow Saw
25:41 Gold Shaft Mining
25:40 Chain Mail Armor
26:02 Iron Casting
27:42 Squires
27:04 Long Swordsman
28:35 Caravan
33:29 Gambesons
43:42 Imperial Age
43:48 Elite Samurai
44:49 Conscription
47:54 Plate Mail Armor
50:14 Two-Handed Swordsman
51:04 Champion
gamezduarte
1:21 Loom
12:12 Feudal Age
13:14 Town Watch
13:30 Double-Bit Axe
16:36 Castle Age
17:38 Wheelbarrow
17:48 Bow Saw
17:33 Town Watch
24:25 Hand Cart
23:55 Horse Collar
26:51 Heavy Plow
28:40 Town Patrol
31:35 Imperial Age
30:16 Bloodlines
30:07 Husbandry
30:01 Fletching
30:24 Forging
30:26 Scale Barding Armor
31:51 Gold Mining
32:01 Stone Mining
33:05 Bodkin Arrow
34:26 Conscription
36:11 Bracer
38:15 Gold Shaft Mining
41:06 Elite Janissary
45:56 Cavalier
Ano
11:42 Feudal Age
12:18 Town Watch
13:28 Horse Collar
13:48 Double-Bit Axe
16:00 Gold Mining
21:38 Castle Age
22:15 Scale Barding Armor
22:44 Bloodlines
22:45 Heavy Plow
22:58 Bow Saw
24:51 Husbandry
35:07 Murder Holes
35:08 Treadmill Crane
38:03 Imperial Age
38:10 Siege Elephant
49:18 Man-at-Arms
51:00 Light Cavalry
52:14 Long Swordsman
56:11 Elite Shrivamsha Rider
Marco_Kido
13:19 Feudal Age
17:38 Castle Age
15:29 Double-Bit Axe
15:26 Horse Collar
19:09 Bow Saw
23:48 Imperial Age
23:13 Heavy Plow
27:02 Two-Man Saw
28:52 Loom
29:42 Wheelbarrow
28:52 Town Watch
30:17 Chemistry
28:59 Treadmill Crane
30:54 Caravan
31:20 Houfnice
32:47 Siege Engineers
33:41 Masonry
33:36 Padded Archer Armor
33:26 Fletching
34:54 Fortified Wall
34:45 Fletching
35:10 Leather Archer Armor
36:27 Hand Cart
36:12 Town Patrol
36:27 Town Patrol
38:49 Coinage
38:37 Bodkin Arrow
38:57 Wagenburg Tactics
38:49 Pikeman
40:52 Halberdier
41:18 Arson
41:31 Elite Hussite Wagon
42:35 Conscription
42:53 Ballistics
42:28 Murder Holes
43:05 Architecture
43:36 Bracer
44:06 Ring Archer Armor
43:37 Scale Mail Armor
43:47 Forging
43:42 Scale Barding Armor
43:41 Squires
47:09 Hussite Reforms
46:35 Sappers
49:56 Guilds
50:16 Banking
56:02 Iron Casting
55:42 Chain Mail Armor
55:47 Chain Barding Armor
Boogeyman
10:42 Feudal Age
16:27 Castle Age
14:55 Loom
15:37 Double-Bit Axe
15:46 Horse Collar
18:12 Wheelbarrow
19:49 Squires
19:15 Pikeman
22:20 Stone Mining
22:21 Gold Mining
22:45 Bow Saw
22:37 Heavy Plow
24:54 Fletching
25:15 Forging
24:32 Elite Skirmisher
26:27 Padded Archer Armor
27:47 Hand Cart
29:06 Gold Shaft Mining
29:10 Stone Shaft Mining
30:17 Ballistics
33:17 Leather Archer Armor
32:58 Bodkin Arrow
33:38 Iron Casting
33:04 Scale Mail Armor
33:10 Scale Barding Armor
35:42 Imperial Age
34:11 Treadmill Crane
34:45 Fortified Wall
35:10 Arson
36:30 Bracer
37:03 Ring Archer Armor
36:48 Chain Mail Armor
37:37 Theocracy
37:17 Fervor
37:27 Block Printing
37:47 Conscription
42:26 Logistica
43:59 Elite Cataphract
46:51 Caravan
48:04 Chain Barding Armor
48:21 Plate Mail Armor
49:39 Plate Barding Armor
53:36 Halberdier
mimi.glamur
2:22 Loom
3:01 Loom
10:43 Feudal Age
11:06 Double-Bit Axe
11:06 Horse Collar
12:56 Wheelbarrow
16:14 Gold Mining
18:42 Town Watch
21:41 Castle Age
19:46 Stone Mining
22:31 Bow Saw
22:24 Heavy Plow
22:56 Hand Cart
23:24 Squires
26:01 Gold Shaft Mining
26:02 Stone Shaft Mining
31:34 Imperial Age
31:36 Masonry
30:49 Pikeman
31:40 Scale Barding Armor
31:36 Scale Mail Armor
31:37 Padded Archer Armor
31:48 Forging
31:31 Fletching
32:06 Ballistics
31:37 Guard Tower
31:57 Husbandry
33:09 Crop Rotation
33:33 Citadels
35:05 Two-Man Saw
34:34 Chain Barding Armor
35:27 Murder Holes
36:34 Chemistry
36:06 Architecture
36:46 Cavalier
37:38 Bloodlines
36:49 Light Cavalry
38:01 Town Patrol
39:29 Hoardings
39:35 Elite Skirmisher
41:02 Conscription
42:11 Savar
46:45 Plate Barding Armor
50:33 Chain Mail Armor
57:14 Plate Mail Armor
56:59 Leather Archer Armor
59:29 Thumb Ring
58:45 Crossbowman
Connection lost

Rejoining the realm…

Still unreachable

The connection could not be restored.

Session expired

The server has moved on; the page needs a fresh start.